 Dungeon Crawl Stone Soup version 0.30-a0-737-gf23d94013f (webtiles) character file.

Game seed: 612124059281278578

74 Leeroy the Slasher (level 4, -1/23 HPs)
             Began as a Vine Stalker Warper on Feb 2, 2023.
             Slain by a shadow imp (5 damage)
             ... summoned by Natasha
             ... on level 2 of the Dungeon.
             The game lasted 00:01:39 (1250 turns).

Leeroy the Slasher (Vine Stalker Warper)            Turns: 1250, Time: 00:01:40

Health: -1/23      AC:  4    Str: 13    XL:     4   Next: 30%
Magic:  0/8        EV: 12    Int: 13    God:
Gold:   124        SH:  0    Dex: 16    Spells: 2/7 levels left

rFire   . . .      SeeInvis .    a - +0 falchion
rCold   + . .      Faith    .    p - orb {*Rage}
rNeg    . . .      Spirit   +    g - +1 leather armour {rC+}
rPois   .          Reflect  .    (no helmet)
rElec   .          Harm     .    (no cloak)
rCorr   .          Rampage  .    (no gloves)
Will    .....      Rage     20%  (no boots)
Stlth   +                        (no amulet)
HPRegen 1.03/turn                (no ring)
MPRegen 0.11/turn                (no ring)

@: slowed, very slow
A: fangs 2, regeneration 1, magic shield, antimagic bite, no potion heal 2
a: no special abilities


You were on level 2 of the Dungeon.
You visited 1 branch of the dungeon, and saw 2 of its levels.

You collected 124 gold pieces.

Inventory:

Hand Weapons
 a - a +0 falchion (weapon)
 s - a +0 dagger
 y - a +1 dagger of electrocution
Missiles
 d - 7 boomerangs of dispersal (quivered)
 x - 5 poisoned darts
Armour
 b - a +0 leather armour
 g - a +1 leather armour of cold resistance (worn)
 p - an orb of wrath (worn)
 z - a +0 robe of fire resistance
Magical Staves
 t - a staff of poison
Jewellery
 h - a +6 ring of strength
Wands
 w - a wand of acid (1)
Scrolls
 c - a scroll of blinking
 f - a scroll of butterflies {unknown}
 i - a scroll of noise {unknown}
 j - a scroll of amnesia {unknown}
 k - 2 scrolls of identify {unknown}
 n - a scroll of fear {unknown}
 r - a scroll of magic mapping {unknown}
Potions
 e - a potion of heal wounds {unknown}
 l - 4 potions of might {unknown}
 m - 3 potions of attraction {unknown}
 o - a potion of berserk rage {unknown}
 q - a potion of resistance {unknown}
 u - 2 potions of haste {unknown}
 v - a potion of curing {unknown}


   Skills:
 - Level 1.7 Fighting
 - Level 3.2 Long Blades
 - Level 0.8 Throwing
 - Level 0.7 Armour
 + Level 2.6 Dodging
 - Level 2.1 Spellcasting
 - Level 3.0 Translocations


You had 2 spell levels left.
You knew the following spells:

 Your Spells              Type           Power      Damage    Failure   Level
a - Blink                 Tloc           18%        N/A       14%         2
b - Vhi's Electric Charg  Tloc/Air       10%        N/A       45%         3

Your spell library contained the following spells:

 Spells                   Type           Power      Damage    Failure   Level
 Lesser Beckoning         Tloc           18%        N/A       14%         2
 Sting                    Tmut/Pois      4%         1d3       32%         1
 Poisonous Vapours        Pois/Air       2%         N/A       43%         2
 Teleport Other           Tloc           9%         N/A       28%         3
 Manifold Assault         Tloc           9%         N/A       67%         4
 Olgreb's Toxic Radiance  Pois           1%         N/A       97%         4


Dungeon Overview and Level Annotations

Branches:
Dungeon (2/15)

Altars:

Shops:
D:1 (   D:2 :

Annotations:
D:2 Natasha


Innate Abilities, Weirdness & Mutations

You have extremely sharp teeth.
Your natural rate of healing is unusually fast.
When hurt, damage is shared between your health and your magic reserves.
Your bite disrupts and absorbs the magic of your enemies.
Potions cannot restore your health.


Message History

You kill the kobold!
Natasha mumbles some strange words.
Things that are here:
a +0 short sword; 2 stones; a kobold corpse You hit Natasha but do no damage.
Natasha claws you! The shadow imp barely misses you.
You hit Natasha. Your bite misses Natasha.
Natasha is moderately wounded.
Natasha barely misses you. The shadow imp closely misses you.
You hit Natasha. Your bite misses Natasha.
Natasha is heavily wounded.
Natasha casts a spell at you.
You feel yourself slow down. The shadow imp hits you.
Natasha mumbles some strange words.
You hit Natasha.
Natasha is severely wounded.
The shadow imp laughs crazily.
The shadow imp gestures at you. Pain shoots through your body!
Natasha claws you! The shadow imp barely misses you.
You barely miss Natasha. Your bite misses Natasha.
Natasha is severely wounded.
Natasha claws you but does no damage.
The shadow imp hits you but does no damage.
Natasha casts a spell at you. The magic dart hits you!
You are too injured to fight recklessly!
You are too injured to fight recklessly!
You are too injured to fight recklessly!
You are too injured to fight recklessly!
You are too injured to fight recklessly!
You barely miss Natasha. Your bite misses Natasha.
Natasha is severely wounded.
The shadow imp hits you.
Natasha stares at you and mumbles some strange words.
The magic dart hits you.
* * * LOW HITPOINT WARNING * * *
The shadow imp shouts, "Slither away, thou cockered nose-picking flirt-gill!"
The shadow imp hits you.
You die...

......##...#'###.#
...........#.# #.#
...........#.# #.#
...........#∩###.#
...........#..##.#
...........#..##.#
.†.[.......#<###.#
......##...#.# #5#
......##...#.# #@#
#########..#'# #h#
##...# #5# #####
#.# #.# #.. ###


You could see Natasha and 2 shadow imps.

Vanquished Creatures
  Jessica (D:2)
  An adder (D:2)
  3 dart slugs (D:1)
  3 endoplasms
  3 giant cockroaches (D:1)
  2 goblins
  7 hobgoblins (D:1)
  4 kobolds
  2 quokkas (D:1)
  2 ball pythons
  A bat (D:1)
  A rat (D:1)
30 creatures vanquished.

Notes
Turn   | Place    | Note
-------+----------+-------------------------------------------
     0 | D:1      | Leeroy the Vine Stalker Warper began the quest for the Orb.
     0 | D:1      | Reached XP level 1. HP: 11/11 MP: 4/4
   158 | D:1      | Reached XP level 2. HP: 10/15 MP: 6/6
   215 | D:1      | Found Xibimal's Antique Weapon Emporium.
   507 | D:1      | Reached XP level 3. HP: 18/18 MP: 7/7
   819 | D:2      | Found Wecaopt's Book Shoppe.
   870 | D:2      | Noticed Jessica
  1129 | D:2      | Killed Jessica
  1130 | D:2      | Gained mutation: Your natural rate of healing is unusually
                  | fast. [Vine Stalker growth]
  1130 | D:2      | Reached XP level 4. HP: 23/23 MP: 8/8
  1182 | D:2      | Learned a level 2 spell: Blink
  1186 | D:2      | Learned a level 3 spell: Vhi's Electric Charge
  1240 | D:2      | Noticed Natasha
  1250 | D:2      | Slain by a shadow imp

Illustrated notes

Levels and vault maps discovered:
D:1:      elethiomel_arrival_infinity_welcomes_careful_drivers, layout_basic,
          serial_shops, shop, grunt_decor_cap
D:2:      layout_basic, serial_shops, nicolae_shop_hallway_stairs, uniq_natasha,
          uniq_jessica

Skill      XL: |  1  2  3 |
---------------+----------+-----
Long Blades    | 2 3 |  3.2
Dodging        | 2 |  2.6
Fighting       | |  1.7
Throwing       | |  0.8
Armour         | |  0.7
Spellcasting   | |  2.1
Translocations | |  3.0

Action                     |  1- 3 |  4- 6 || total
---------------------------+-------+-------++-------
  Melee: Falchion          |    66 |     8 ||    74
         Bite              |    16 |       ||    16
 Armour: Leather armour    |    16 |     3 ||    19
  Dodge: Dodged            |    29 |     4 ||    33

Table legend: (Time is in decaauts)
 A = Elapsed time spent in this place.
 B = Non-inter-level travel time spent in this place.
 C = Inter-level travel time spent in this place.
 D = Time resting spent in this place.
 E = Time spent auto-exploring this place.
 F = Levels seen in this place.
 G = Mean time per level.
                   A        B        C        D        E       F      G
               +--------+--------+--------+--------+--------+-----+--------+
         Total |   1296 |   1253 |     43 |     60 |    913 |   2 |  648.0 |
       Dungeon |   1296 |   1253 |     43 |     60 |    913 |   2 |  648.0 |
               +--------+--------+--------+--------+--------+-----+--------+

Top non-repeatable levels by time:
     D:1: 840 daAuts
     D:2: 455 daAuts
